 Dungeon Crawl Stone Soup version 0.23.1-37-gaa34b87 (webtiles) character file.

Game seed: 11379452075329614941

984 Fang the Skirmisher (level 8, -7/51 HPs)
             Began as a Gargoyle Berserker on Mar 25, 2019.
             Was an Elder of Trog.
             Mangled by a two-headed ogre
             ... wielding a +0 giant club
              (12 damage)
             ... on level 5 of the Dungeon.
             The game lasted 00:05:31 (5947 turns).

Fang the Skirmisher (Gargoyle Berserker)            Turns: 5947, Time: 00:05:32

Health: -7/51      AC: 18    Str: 23    XL:     8   Next: 17%
Magic:  8/8        EV:  8    Int:  8    God:    Trog [****..]
Gold:   335        SH:  0    Dex:  9    Spells: 7/7 levels left

rFire    . . .     SeeInvis .   a - +0 hand axe
rCold    . . .     Gourm    .   (no shield)
rNeg     + . .     Faith    .   b - +0 plate armour
rPois    ∞         Spirit   .   (no helmet)
rElec    +         Reflect  .   (no cloak)
rCorr    .         Harm     .   (no gloves)
MR       .....                  (no boots)
Stlth    ..........             (no amulet)
HPRegen  0.17/turn              (no ring)
MPRegen  0.11/turn              (no ring)

@: berserk cooldown, slowed, very slow
A: negative energy resistance 1, electricity resistance, unbreathing,
petrification resistance, rot immunity, AC +5
a: Berserk, Trog's Hand, Brothers in Arms, Renounce Religion


You were on level 5 of the Dungeon.
You worshipped Trog.
Trog was greatly pleased with you.
You were hungry.

You visited 1 branch of the dungeon, and saw 6 of its levels.
You also visited: Ossuary.

You collected 335 gold pieces.

Inventory:

Hand Weapons
 a - a +0 hand axe (weapon)
Armour
 b - a +0 plate armour (worn)
Wands
 r - a wand of random effects (35)
 y - a wand of paralysis (7)
Scrolls
 e - 10 scrolls of identify {unknown}
 f - 3 scrolls of enchant weapon {unknown}
 g - 3 scrolls of amnesia {unknown}
 i - 10 scrolls of remove curse {unknown}
 k - 2 scrolls of teleportation {unknown}
 l - a scroll of magic mapping {unknown}
 o - 3 scrolls of immolation {unknown}
 q - 2 scrolls of fog {unknown}
 s - 2 scrolls of blinking {unknown}
 v - a scroll of enchant armour {unknown}
 w - a scroll of vulnerability {unknown}
 x - a scroll of silence {unknown}
Potions
 d - 8 potions of curing {unknown}
 h - 2 potions of heal wounds {unknown}
 j - a potion of might {unknown}
 m - 2 potions of lignification {unknown}
 n - 5 potions of brilliance {unknown}
 p - 2 potions of haste {unknown}
 t - a potion of resistance {unknown}
 u - 2 potions of flight {unknown}
 z - 2 potions of cancellation {unknown}
 A - a potion of degeneration {unknown}
 B - a potion of ambrosia {unknown}
Comestibles
 c - 10 rations


   Skills:
 + Level 5.9 Fighting
 + Level 4.9 Axes
 + Level 5.4 Armour
 + Level 4.1 Dodging


You had 7 spell levels left.
You didn't know any spells.
Your spell library was empty.

Dungeon Overview and Level Annotations

Branches:
Dungeon (6/15)
 Temple: D:4-7

Altars:
Dithmenos
Elyvilon

Annotations:
D:6 Dowan, Duvessa


Innate Abilities, Weirdness & Mutations

You are resistant to torment.
Your stone body is resilient. (AC +5)
You are immune to poison.
You resist negative energy. (rN+)
You are resistant to electric shocks. (rElec)
You can survive without breathing.
You are immune to petrification.
You are immune to rotting.


Message History

You are too injured to fight recklessly!
You are too injured to fight recklessly!
You are too injured to fight recklessly!
You feel a strong urge to attack something.
The two-headed ogre hits you with a +0 giant club!
* * * LOW HITPOINT WARNING * * *
The two-headed ogre closely misses you.
You climb upwards.
There is a stone staircase leading down here.
You hit the two-headed ogre.
The two-headed ogre is lightly wounded.
You hit the two-headed ogre.
The two-headed ogre is lightly wounded.
You are no longer berserk.
You are exhausted.
You feel yourself slow down.
The two-headed ogre hits you with a +0 giant club!
* * * LOW HITPOINT WARNING * * *
The two-headed ogre hits you with a +0 giant spiked club!
You die...

.........##.#..#.#<#.#
.........##.#....###.#
.........##.#..#.....#
..................####
..........###.###.#
..........#.....#.#
..........#.#...#.#
..........#.#####.#
......<........O@.#
#....##...######..#
#^######..# #..#
#.######..# #..#
#.........## #..#
#########..#####..#
.................(#
##########.#####.## #
#..# #.#


You could see a two-headed ogre.

Vanquished Creatures
  Eustachio (D:4)
  Edmund (D:5)
  A phantom (D:4)
  An ice beast (D:5)
  3 hounds (D:4)
  3 orc wizards
  An iguana (D:5)
  A worker ant (D:4)
  14 mummies
  5 adders
  A worm (D:5)
  2 dart slugs
  4 leopard geckos
  6 orcs
  3 giant cockroaches
  2 goblins
  4 hobgoblins
  4 jackals (D:1)
  6 kobolds
  2 quokkas
  3 ball pythons
  11 bats
  6 frilled lizards
  2 gnoll skeletons (Ossuary)
  4 goblin skeletons (Ossuary)
  A hobgoblin zombie (D:4)
  A kobold skeleton (Ossuary)
  An orc zombie (D:4)
  13 rats
  11 rat skeletons (Ossuary)
118 creatures vanquished.

Vanquished Creatures (others)
  An adder (D:3)
  A kobold skeleton (Ossuary)
2 creatures vanquished.

Grand Total: 120 creatures vanquished

Notes
Turn   | Place    | Note
-------+----------+-------------------------------------------
     0 | D:1      | Fang the Gargoyle Berserker began the quest for the Orb.
     0 | D:1      | Reached XP level 1. HP: 14/14 MP: 1/1
   215 | D:1      | Reached XP level 2. HP: 18/19 MP: 2/2
   498 | D:1      | Reached XP level 3. HP: 23/23 MP: 3/3
   831 | D:1      | Reached ** piety under Trog
  1605 | D:2      | Reached XP level 4. HP: 22/29 MP: 4/4
  2372 | D:3      | Found a white marble altar of Elyvilon.
  2441 | D:3      | Reached XP level 5. HP: 30/33 MP: 5/5
  2786 | D:4      | Noticed Eustachio
  2847 | D:4      | Reached *** piety under Trog
  2914 | D:4      | Found a sand-covered staircase.
  2927 | Ossuary  | Entered an ossuary
  3184 | Ossuary  | Reached XP level 6. HP: 20/39 MP: 6/6
  4710 | D:4      | Killed Eustachio
  4710 | D:4      | Reached skill level 5 in Fighting
  4710 | D:4      | Reached XP level 7. HP: 42/44 MP: 7/7
  4717 | D:4      | Reached **** piety under Trog
  5075 | D:4      | Reached skill level 5 in Armour
  5175 | D:5      | Entered Level 5 of the Dungeon
  5222 | D:5      | Noticed Edmund
  5264 | D:5      | Killed Edmund
  5264 | D:5      | Reached XP level 8. HP: 49/51 MP: 8/8
  5566 | D:5      | Found a shadowy altar of Dithmenos.
  5852 | D:6      | Noticed Duvessa
  5852 | D:6      | Noticed Dowan
  5853 | D:6      | Noticed a two-headed ogre
  5947 | D:5      | Mangled by a two-headed ogre

Skill      XL: |  1  2  3  4  5  6  7  8 |
---------------+-------------------------+-----
Axes           | 3 4 |  4.9
Dodging        | 2 3 4 |  4.1
Armour         | 3 4 5 |  5.4
Fighting       | 4 5 |  5.9

Action                   |  1- 3 |  4- 6 |  7- 9 || total
-------------------------+-------+-------+-------++-------
Melee: Hand axe          |   145 |   368 |   161 ||   674
Invok: Berserk           |       |     4 |     3 ||     7
 Stab: Sleeping          |     1 |     1 |       ||     2
  Eat: Chunk             |     2 |     6 |     8 ||    16
       Ration            |       |     2 |       ||     2
Armor: Animal skin       |    89 |    27 |       ||   116
       Plate armour      |       |   248 |   139 ||   387
Dodge: Dodged            |   134 |   192 |    59 ||   385
